TOP OF THE 1ST |
Grim Reapers batting - Pitching for Put-In-Bay BC : RHP Jerry Cherry
|
Pitching: RHP Jerry Cherry
|
|
Batting: RHB Cristo Mercado
|
0-0: Ball 1-0: Foul Ball, location: 2F 1-1: Called Strike 1-2: Strikes out looking
|
Batting: RHB Hayes Rutherford
|
0-0: Called Strike 0-1: Foul Ball, location: 2F 0-2: Ball 1-2: Strikes out swinging
|
Batting: RHB Lonnie Doble
|
0-0: Fly out, F2 (Popup, 5SF, EV 86.9 MPH)
|
Top of the 1st over - 0 runs, 0 hits, 0 errors, 0 left on base; Grim 0 - Put-In-Bay 0 |
BOTTOM OF THE 1ST |
Put-In-Bay BC batting - Pitching for Grim Reapers : RHP Bill Tennant
|
Pitching: RHP Bill Tennant
|
|
Batting: RHB Eduard Argelander
|
0-0: Ball 1-0: Called Strike 1-1: Ground out 1-3 (Groundball, P, EV 81.9 MPH)
|
Batting: LHB Javier Castro
|
0-0: Swinging Strike 0-1: Called Strike 0-2: Fly out, F7 (Line Drive, 7, EV 94.4 MPH)
|
Batting: LHB Snow Wang
|
0-0: Called Strike 0-1: Ball 1-1: Fly out, F9 (Line Drive, 9D, EV 93.8 MPH)
|
Bottom of the 1st over - 0 runs, 0 hits, 0 errors, 0 left on base; Grim 0 - Put-In-Bay 0 |
TOP OF THE 2ND |
Grim Reapers batting - Pitching for Put-In-Bay BC : RHP Jerry Cherry
|
Batting: SHB Fernando Urby
|
0-0: Called Strike 0-1: Foul Ball, location: 2F 0-2: Strikes out swinging
|
Batting: SHB Tekkan Hayagawa
|
0-0: Ball 1-0: Called Strike 1-1: Ball 2-1: Ball 3-1: Ground out 5-3 (Groundball, 56, EV 88.1 MPH)
|
Batting: RHB Gene Blanton
|
0-0: Ball 1-0: Ball 2-0: Called Strike 2-1: Ball 3-1: Foul Ball, location: 2F 3-2: Foul Ball, location: 2F 3-2: Foul Ball, location: 2F 3-2: Foul Ball, location: 2F 3-2: Foul Ball, location: 2F 3-2: Hit by Pitch
|
Batting: RHB Adrián Sánchez
|
0-0: Swinging Strike 0-1: Ball 1-1: Called Strike 1-2: Ball Gene Blanton steals 2nd base 2-2: Foul Ball, location: 2F 2-2: Strikes out swinging
|
Top of the 2nd over - 0 runs, 0 hits, 0 errors, 1 left on base; Grim 0 - Put-In-Bay 0 |
BOTTOM OF THE 2ND |
Put-In-Bay BC batting - Pitching for Grim Reapers : RHP Bill Tennant
|
Batting: SHB Ángel García
|
0-0: Ball 1-0: Foul Ball, location: 2F 1-1: Called Strike 1-2: Strikes out swinging
|
Batting: RHB Tom Hendrickson
|
0-0: Ball 1-0: Ball 2-0: Fly out, F9 (Line Drive, 9, EV 105.0 MPH)
|
Batting: RHB Martin Payton
|
0-0: Called Strike 0-1: Swinging Strike 0-2: Ball 1-2: Foul Ball, location: 2F 1-2: SINGLE (Groundball, 6MD, EV 96.2 MPH)
|
Batting: RHB Chris Thompson
|
0-0: Foul Ball, location: 2F 0-1: Ball 1-1: Foul Ball, location: 2F 1-2: Foul Ball, location: 2F 1-2: Foul Ball, location: 2F 1-2: Foul Ball, location: 2F 1-2: Ball 2-2: Foul Ball, location: 2F 2-2: Ball 3-2: Foul Ball, location: 2F 3-2: Foul Ball, location: 2F 3-2: Foul Ball, location: 2F 3-2: Strikes out swinging
|
Bottom of the 2nd over - 0 runs, 1 hit, 0 errors, 1 left on base; Grim 0 - Put-In-Bay 0 |
TOP OF THE 3RD |
Grim Reapers batting - Pitching for Put-In-Bay BC : RHP Jerry Cherry
|
Batting: RHB Chi-eun Mun
|
0-0: Called Strike 0-1: Called Strike 0-2: Ground out 1-3 (Groundball, 13S, EV 70.6 MPH)
|
Batting: RHB Alfred Coleman
|
0-0: Ball 1-0: Ball 2-0: Called Strike 2-1: Foul Ball, location: 2F 2-2: Ball 3-2: DOUBLE (Groundball, 5L, EV 106.2 MPH)
|
Batting: RHB Cristo Mercado
|
0-0: Ball 1-0: Ground out 5-3 (Groundball, 56, EV 95.6 MPH)
|
Batting: RHB Hayes Rutherford
|
0-0: Ground out 6-3 (Groundball, 6M, EV 81.9 MPH)
|
Top of the 3rd over - 0 runs, 1 hit, 0 errors, 1 left on base; Grim 0 - Put-In-Bay 0 |
BOTTOM OF THE 3RD |
Put-In-Bay BC batting - Pitching for Grim Reapers : RHP Bill Tennant
|
Batting: LHB Arnie Ford
|
0-0: Called Strike 0-1: Called Strike 0-2: Ball 1-2: Ball 2-2: Fly out, F1 (Line Drive, P, EV 53.8 MPH)
|
Batting: RHB Victor Haley
|
0-0: Foul Ball, location: 2F 0-1: Ball 1-1: Ball 2-1: Swinging Strike 2-2: Ball 3-2: Foul Ball, location: 2F 3-2: Foul Ball, location: 2F 3-2: Base on Balls
|
Batting: RHB Eduard Argelander
|
0-0: Foul Ball, location: 2F 0-1: Swinging Strike 0-2: Ball 1-2: Strikes out swinging
|
Batting: LHB Javier Castro
|
0-0: Called Strike 0-1: Ball 1-1: Ball 2-1: Swinging Strike 2-2: Ball 3-2: Base on Balls Victor Haley to second
|
Batting: LHB Snow Wang
|
0-0: Ball 1-0: Ball 2-0: Ball 3-0: Called Strike 3-1: Called Strike 3-2: Foul Ball, location: 2F 3-2: Strikes out swinging
|
Bottom of the 3rd over - 0 runs, 0 hits, 0 errors, 2 left on base; Grim 0 - Put-In-Bay 0 |
TOP OF THE 4TH |
Grim Reapers batting - Pitching for Put-In-Bay BC : RHP Jerry Cherry
|
Batting: RHB Lonnie Doble
|
0-0: Ball 1-0: SINGLE (Groundball, 56D, EV 105.6 MPH)
|
Batting: SHB Fernando Urby
|
0-0: SINGLE (Line Drive, 4D, EV 96.9 MPH) Lonnie Doble to second
|
Batting: SHB Tekkan Hayagawa
|
0-0: Ball 1-0: Ball 2-0: Ball 3-0: Base on Balls Lonnie Doble to third Fernando Urby to second
|
Batting: RHB Gene Blanton
|
0-0: Called Strike 0-1: SINGLE (Groundball, 6D, EV 94.4 MPH) Lonnie Doble scores Fernando Urby to third Tekkan Hayagawa to second
|
Batting: RHB Adrián Sánchez
|
0-0: Ball 1-0: Called Strike 1-1: Ball 2-1: Ball 3-1: Called Strike 3-2: Strikes out swinging
|
Batting: RHB Chi-eun Mun
|
0-0: Swinging Strike 0-1: Ball 1-1: Ball 2-1: Fly out, F8 (Flyball, 8LS, EV 73.1 MPH)
|
Batting: RHB Alfred Coleman
|
0-0: Foul Ball, location: 2F 0-1: Called Strike 0-2: Ball Wild Pitch! Fernando Urby scores Tekkan Hayagawa to third Gene Blanton to second 1-2: Ball 2-2: Strikes out swinging
|
Top of the 4th over - 2 runs, 3 hits, 0 errors, 2 left on base; Grim 2 - Put-In-Bay 0 |
BOTTOM OF THE 4TH |
Put-In-Bay BC batting - Pitching for Grim Reapers : RHP Bill Tennant
|
Batting: SHB Ángel García
|
0-0: Ball 1-0: Foul Ball, location: 2F 1-1: Foul Ball, location: 2F 1-2: Ball 2-2: Ball 3-2: DOUBLE (Flyball, 7LD, EV 95.0 MPH)
|
Batting: RHB Tom Hendrickson
|
0-0: Ground out 6-3 (Groundball, 6MS, EV 70.6 MPH) Ángel García to third
|
Batting: RHB Martin Payton
|
0-0: Ball 1-0: Called Strike 1-1: Foul Ball, location: 2F 1-2: Ball 2-2: Strikes out swinging
|
Batting: RHB Chris Thompson
|
0-0: Called Strike 0-1: Fly out, F4 (Popup, 4, EV 64.4 MPH)
|
Bottom of the 4th over - 0 runs, 1 hit, 0 errors, 1 left on base; Grim 2 - Put-In-Bay 0 |
TOP OF THE 5TH |
Grim Reapers batting - Pitching for Put-In-Bay BC : RHP Jerry Cherry
|
Batting: RHB Cristo Mercado
|
0-0: Fly out, F9 (Flyball, 9LMF, EV 76.9 MPH)
|
Batting: RHB Hayes Rutherford
|
0-0: Called Strike 0-1: Foul Ball, location: 2F 0-2: Ball 1-2: Foul Ball, location: 2F 1-2: Ball 2-2: Strikes out swinging
|
Batting: RHB Lonnie Doble
|
0-0: Swinging Strike 0-1: Ball 1-1: Swinging Strike 1-2: Ball 2-2: Foul Ball, location: 2F 2-2: Foul Ball, location: 2F 2-2: Strikes out swinging
|
Top of the 5th over - 0 runs, 0 hits, 0 errors, 0 left on base; Grim 2 - Put-In-Bay 0 |
BOTTOM OF THE 5TH |
Put-In-Bay BC batting - Pitching for Grim Reapers : RHP Bill Tennant
|
Batting: LHB Arnie Ford
|
0-0: Fly out, F7 (Flyball, 7LMF, EV 98.1 MPH)
|
Batting: RHB Victor Haley
|
0-0: Ball 1-0: Foul Ball, location: 2F 1-1: Ball 2-1: Ground out 6-3 (Groundball, 6, EV 92.5 MPH)
|
Batting: RHB Eduard Argelander
|
0-0: Called Strike 0-1: Called Strike 0-2: Ball 1-2: Foul Ball, location: 2F 1-2: Foul Ball, location: 2F 1-2: Fly out, F9 (Flyball, 89M, EV 85.0 MPH)
|
Bottom of the 5th over - 0 runs, 0 hits, 0 errors, 0 left on base; Grim 2 - Put-In-Bay 0 |
TOP OF THE 6TH |
Grim Reapers batting - Pitching for Put-In-Bay BC : RHP Jerry Cherry
|
Pitching: LHP Luca Boccasino
|
|
Batting: SHB Fernando Urby
|
0-0: Ball 1-0: SINGLE (Groundball, 4MD, EV 95.6 MPH)
|
Batting: SHB Tekkan Hayagawa
|
0-0: Grounds into double play, 4-6-3 (Groundball, 4, EV 103.1 MPH)
|
Batting: RHB Gene Blanton
|
0-0: Ball 1-0: Foul Ball, location: 2F 1-1: Ball 2-1: Bunt for hit to 13 - play at first, batter OUT! 1-3
|
Top of the 6th over - 0 runs, 1 hit, 0 errors, 0 left on base; Grim 2 - Put-In-Bay 0 |
BOTTOM OF THE 6TH |
Put-In-Bay BC batting - Pitching for Grim Reapers : RHP Bill Tennant
|
Batting: LHB Javier Castro
|
0-0: Ball 1-0: Called Strike 1-1: Ball 2-1: Swinging Strike 2-2: Foul Ball, location: 2F 2-2: Strikes out swinging
|
Pitching: RHP John Weaver
|
|
Batting: LHB Snow Wang
|
0-0: Called Strike 0-1: Ball 1-1: Ball 2-1: Swinging Strike 2-2: Ground out 1-3 (Groundball, P, EV 70.0 MPH)
|
Batting: SHB Ángel García
|
0-0: Ball 1-0: Ball 2-0: Ground out 4-3 (Groundball, 4M, EV 81.9 MPH)
|
Bottom of the 6th over - 0 runs, 0 hits, 0 errors, 0 left on base; Grim 2 - Put-In-Bay 0 |
TOP OF THE 7TH |
Grim Reapers batting - Pitching for Put-In-Bay BC : LHP Luca Boccasino
|
Batting: RHB Adrián Sánchez
|
0-0: Ball 1-0: SINGLE (Flyball, 56D, EV 93.8 MPH)
|
Batting: RHB Chi-eun Mun
|
0-0: Called Strike 0-1: Fly out, F8 (Flyball, 89M, EV 76.9 MPH)
|
Batting: RHB Alfred Coleman
|
0-0: Ball Wild Pitch! Adrián Sánchez to second 1-0: Ball 2-0: Called Strike 2-1: Ball 3-1: Base on Balls
|
Batting: RHB Cristo Mercado
|
0-0: Called Strike 0-1: Ball 1-1: Foul Ball, location: 2F 1-2: Foul Ball, location: 2F 1-2: Foul Ball, location: 2F 1-2: Ball 2-2: Strikes out looking
|
Batting: RHB Hayes Rutherford
|
0-0: SINGLE (Line Drive, 89S, EV 100.6 MPH) Adrián Sánchez to third Alfred Coleman to second Runner from 3rd tries for Home, SAFE, no throw by RF
|
Batting: RHB Lonnie Doble
|
0-0: Swinging Strike 0-1: Fly out, F9 (Flyball, 9LM, EV 93.1 MPH)
|
Top of the 7th over - 1 run, 2 hits, 0 errors, 2 left on base; Grim 3 - Put-In-Bay 0 |
BOTTOM OF THE 7TH |
Put-In-Bay BC batting - Pitching for Grim Reapers : RHP John Weaver
|
Batting: RHB Tom Hendrickson
|
0-0: Foul Ball, location: 2F 0-1: Ball 1-1: Foul Ball, location: 2F 1-2: Ball 2-2: SINGLE (Groundball, 56D, EV 98.1 MPH)
|
Batting: RHB Martin Payton
|
0-0: Ball 1-0: Ball 2-0: Called Strike 2-1: Foul Ball, location: 2F 2-2: Strikes out swinging
|
Batting: RHB Chris Thompson
|
0-0: Foul Ball, location: 2F 0-1: Called Strike 0-2: Ball 1-2: Strikes out swinging
|
Batting: LHB Arnie Ford
|
0-0: Called Strike 0-1: Ball 1-1: Foul Ball, location: 2F 1-2: Fly out, F7 (Flyball, 7S, EV 88.1 MPH)
|
Bottom of the 7th over - 0 runs, 1 hit, 0 errors, 1 left on base; Grim 3 - Put-In-Bay 0 |
TOP OF THE 8TH |
Grim Reapers batting - Pitching for Put-In-Bay BC : LHP Luca Boccasino
|
Batting: SHB Fernando Urby
|
0-0: SINGLE (Line Drive, 78S, EV 105.0 MPH)
|
Batting: SHB Tekkan Hayagawa
|
0-0: Foul Ball, location: 2F 0-1: Foul Ball, location: 2F 0-2: Ball 1-2: Ball 2-2: Foul Ball, location: 2F 2-2: Foul Ball, location: 2F 2-2: Fielders Choice at 2nd, 1-4 (Groundball, P, EV 78.8 MPH)
|
Pitching: RHP Terry Hall
|
|
Batting: RHB Gene Blanton
|
0-0: Ball 1-0: Ball 2-0: Ball 3-0: Called Strike 3-1: Called Strike 3-2: Base on Balls Tekkan Hayagawa to second
|
Batting: RHB Adrián Sánchez
|
0-0: Ball 1-0: Foul Ball, location: 2F 1-1: Grounds into double play, 5-4-3 (Groundball, 56, EV 101.2 MPH)
|
Top of the 8th over - 0 runs, 1 hit, 0 errors, 1 left on base; Grim 3 - Put-In-Bay 0 |
BOTTOM OF THE 8TH |
Put-In-Bay BC batting - Pitching for Grim Reapers : RHP John Weaver
|
Batting: RHB Victor Haley
|
0-0: Ball 1-0: Foul Ball, location: 2F 1-1: Swinging Strike 1-2: Foul Ball, location: 2F 1-2: Strikes out swinging
|
Batting: RHB Eduard Argelander
|
0-0: Foul Ball, location: 2F 0-1: Fly out, F9 (Flyball, 9S, EV 77.5 MPH)
|
Batting: LHB Javier Castro
|
0-0: Ball 1-0: Ball 2-0: Ball 3-0: Base on Balls
|
Batting: LHB Snow Wang
|
0-0: Ball 1-0: Ground out 4-3 (Groundball, 4, EV 105.6 MPH)
|
Bottom of the 8th over - 0 runs, 0 hits, 0 errors, 1 left on base; Grim 3 - Put-In-Bay 0 |
TOP OF THE 9TH |
Grim Reapers batting - Pitching for Put-In-Bay BC : RHP Terry Hall
|
Batting: RHB Chi-eun Mun
|
0-0: Ball 1-0: Called Strike 1-1: Ball 2-1: Ground out 4-3 (Groundball, 4, EV 85.0 MPH)
|
Batting: RHB Alfred Coleman
|
0-0: Called Strike 0-1: Ball 1-1: Ball 2-1: Foul Ball, location: 2F 2-2: Foul Ball, location: 2F 2-2: Strikes out looking
|
Batting: RHB Cristo Mercado
|
0-0: Called Strike 0-1: Ball 1-1: Ball 2-1: Foul Ball, location: 2F 2-2: DOUBLE (Groundball, 5L, EV 104.4 MPH)
|
Batting: RHB Hayes Rutherford
|
0-0: Called Strike 0-1: Foul Ball, location: 2F 0-2: Foul Ball, location: 2F 0-2: Ball 1-2: Foul Ball, location: 2F 1-2: Ball 2-2: Foul Ball, location: 2F 2-2: Strikes out swinging
|
Top of the 9th over - 0 runs, 1 hit, 0 errors, 1 left on base; Grim 3 - Put-In-Bay 0 |
BOTTOM OF THE 9TH |
Put-In-Bay BC batting - Pitching for Grim Reapers : RHP John Weaver
|
Pitching: RHP Charlie Bottari
|
|
Batting: SHB Ángel García
|
0-0: Ball 1-0: Foul Ball, location: 2F 1-1: Ball 2-1: Ball 3-1: Swinging Strike 3-2: Fly out, F8 (Flyball, 78M, EV 88.1 MPH)
|
Batting: RHB Tom Hendrickson
|
0-0: Swinging Strike 0-1: Foul Ball, location: 2F 0-2: Ball 1-2: Strikes out swinging
|
Batting: RHB Martin Payton
|
0-0: Swinging Strike 0-1: Ground out 1-3 (Groundball, 15, EV 66.9 MPH)
|
Bottom of the 9th over - 0 runs, 0 hits, 0 errors, 0 left on base; Grim 3 - Put-In-Bay 0 |
|